Map: Curious Minds LE

Players

llllllllllll - Winner!

  • Race: Terran Terran
  • League: Master
  • Spawn Location: 5:00

TemujinGK

  • Race: Zerg Zerg
  • League: Grandmaster
  • Spawn Location: 11:00

VOD

Have the link to the VOD?

Description

Time

  • Played on: May 15, 2022, 5:26 p.m.
  • Length: 7:56
Show
View Real Time Build Order
Export as new Build Order

llllllllllll Terran - Winner!

Build Orders: Hellion Opening 

Get SALT Encoding   

  12  0:03  SCV  
  13  0:15  SCV  
  13  0:19  Supply Depot  
  14  0:28  SCV  
  15  0:41  SCV  
  16  0:43  Barracks  
  16  0:48  Refinery  
  16  0:53  SCV  
  17  1:05  SCV  
  18  1:17  SCV  
  19  1:30  Marine, Orbital Command  
  20  1:41  Command Center  
  20  1:48  Marine  
  21  1:57  SCV  
  21  1:59  Factory  
  22  2:11  Barracks Reactor  
  22  2:12  SCV  
  23  2:18  Supply Depot, Refinery  
  23  2:39  SCV  
  24  2:47  Starport  
  24  2:52  SCV  
  24  2:55  Orbital Command  
  29  2:58  Hellion x2  
  29  3:00  Barracks Tech Lab  
  29  3:04  SCV  
  30  3:16  SCV  
  35  3:20  Hellion x2  
  35  3:28  SCV x2  
  36  3:37  Supply Depot  
  36  3:39  Fusion Core  
  36  3:40  SCV x2  
  38  3:46  Hellion x2  
  42  3:52  SCV x2  
  44  4:04  SCV x2, Refinery  
  50  4:26  SCV x2  
  52  4:33  Supply Depot  
  52  4:36  Battlecruiser  
  54  4:54  SCV x2  
  54  4:55  Hellion x2  
  54  4:56  Supply Depot  
  60  5:02  Barracks Tech Lab  
  60  5:06  SCV x2  
  62  5:18  Hellion x2  
  62  5:19  Supply Depot, SCV x2  
  68  5:31  Weapon Refit, SCV x2  
  70  5:41  Battlecruiser  
  76  5:43  SCV x2, Command Center  
  78  5:53  Refinery  
  78  6:10  Supply Depot x2, Factory  
  78  6:11  Factory  
  78  6:24  SCV x2  
  78  6:29  Armory  
  78  6:30  Armory  
  78  6:32  Hellion x2  
  82  6:36  SCV x2  
  84  6:49  SCV x2  
  80  7:01  SCV x2  
  76  7:08  Supply Depot  
  76  7:13  Cyclone x2, SCV x2  
  76  7:14  Hellion x2  
  82  7:25  SCV x2  
  82  7:28  Orbital Command  
  74  7:37  SCV x2  
  78  7:49  Refinery  
  86  7:51  Refinery, Engineering Bay  
Show
View Real Time Build Order
Export as new Build Order

TemujinGK Zerg 

Build Orders: Hatch First 

Get SALT Encoding   

  12  0:00  Drone  
  13  0:12  Overlord  
  13  0:19  Drone  
  14  0:32  Drone  
  14  0:33  Drone  
  16  0:35  Drone  
  17  0:52  Hatchery  
  17  0:55  Drone  
  17  0:58  Drone  
  17  1:03  Extractor  
  17  1:16  Spawning Pool  
  16  1:18  Drone  
  16  1:21  Drone  
  18  1:28  Drone  
  19  1:39  Drone  
  20  1:52  Overlord  
  20  2:05  Queen  
  20  2:07  Queen  
  20  2:08  Metabolic Boost  
  24  2:11  Overlord  
  24  2:13  Drone  
  25  2:16  Drone  
  25  2:22  Drone x2  
  28  2:28  Overlord  
  28  2:40  Drone x2  
  32  2:51  Overlord  
  30  2:58  Zergling x6  
  33  3:07  Zergling x2  
  34  3:13  Zergling x2  
  34  3:14  Zergling x6  
  34  3:18  Zergling x8  
  42  3:33  Drone x2  
  42  3:34  Lair  
  44  3:41  Hatchery  
  44  3:47  Overlord  
  44  3:48  Drone x5  
  44  3:49  Drone  
  46  3:56  Drone  
  46  3:57  Drone x2  
  46  4:02  Overlord  
  46  4:13  Drone  
  46  4:14  Drone  
  42  4:20  Spine Crawler  
  42  4:22  Zergling x4  
  43  4:32  Drone x4  
  43  4:33  Drone x2, Queen  
  43  4:35  Zergling x4  
  53  4:40  Extractor  
  53  4:41  Extractor x2  
  53  4:44  Drone  
  51  4:49  Drone  
  52  4:55  Drone x2  
  52  4:56  Spire  
  53  5:00  Drone  
  53  5:01  Drone x4  
  58  5:07  Drone x3  
  58  5:08  Queen  
  58  5:12  Spore Crawler, Overlord  
  62  5:19  Overseer  
  62  5:22  Drone  
  62  5:25  Overlord  
  64  5:28  Drone x3  
  66  5:37  Overlord  
  66  5:41  Overlord  
  66  5:48  Overlord  
  66  5:50  Spore Crawler  
  66  5:56  Spore Crawler  
  63  5:59  Zergling x2  
  63  6:00  Zergling x14  
  66  6:06  Overlord  
  66  6:07  Corruptor  
  66  6:08  Corruptor  
  66  6:09  Corruptor  
  68  6:17  Roach Warren  
  64  6:20  Evolution Chamber  
  58  6:28  Corruptor x2  
  58  6:31  Zergling x4  
  61  6:45  Mutalisk  
  61  6:46  Mutalisk x3  
  62  6:51  Zergling x2  
  62  6:52  Zergling x4  
  60  6:56  Drone x2  
  60  6:57  Drone  
  60  7:00  Drone  
  53  7:04  Drone  
  45  7:17  Drone  
  45  7:18  Drone x3  
  45  7:22  Drone  
Tags
 
Add a new tag
Caveats
  • Supply blocks, unpowered buildings, or Contaminate may cause inaccurate times.
  • Supply counts are checked every 10 seconds.